 Dungeon Crawl Stone Soup version 0.26.0-41-g79a4fc7684 (webtiles) character file.

Game seed: 8670386510824659097

10026 kaeus the Cleaver (level 11, -1/100 HPs)
             Began as a Minotaur Berserker on Jan 26, 2021.
             Was a High Priest of Trog.
             Slain by a bone dragon (13 damage)
             ... on level 1 of the Abyss.
             The game lasted 00:10:27 (8545 turns).

kaeus the Cleaver (Minotaur Berserker)              Turns: 8545, Time: 00:10:28

Health: -1/100     AC: 14    Str: 26    XL:     11   Next: 30%
Magic:  10/10      EV: 11    Int: 10    God:    Trog [*****.]
Gold:   557        SH:  0    Dex: 11    Spells: 10/10 levels left

rFire    + . .     SeeInvis +   h - +12 hand axe "Doif" {flame, +Blink Will+ Str+2 SInv}
rCold    . . .     Faith    .   (no shield)
rNeg     . . .     Spirit   .   z - +0 plate armour
rPois    .         Reflect  .   (helmet restricted)
rElec    .         Harm     .   (no cloak)
rCorr    .         Rampage  .   (no gloves)
Will     +....     Rnd*Tele +   (no boots)
Stlth    ..........             g - amulet of regeneration
HPRegen  0.66/turn              e - ring of protection from fire
MPRegen  0.12/turn              F - +6 ring of intelligence

@: berserk cooldown, slowed, very slow
A: retaliatory headbutt, horns 2, [teleportitis 2]
a: Renounce Religion, Evoke Blink, Berserk, Trog's Hand, Brothers in Arms


You were on level 1 of the Abyss.
You worshipped Trog.
Trog was extremely pleased with you.
You visited 1 branch of the dungeon, and saw 10 of its levels.
You visited the Abyss 1 time.

You collected 557 gold pieces.

Inventory:

Hand Weapons
 h - the +12 hand axe "Doif" (weapon) {flame, +Blink Will+ Str+2 SInv}
   (You found it on level 6 of the Dungeon)

   It has been specially enchanted to burn those struck by it, causing extra
   injury to most foes and up to half again as much damage against particularly
   susceptible opponents.
   Big, fiery blades are also staple armaments of hydra-hunters.
   It affects your strength (+2).
   It affects your willpower, your defense against some magical effects.
   It lets you see invisible.
   It lets you blink.
 A - the +7 great mace "Firestarter" {inner flame, rF++}
   (You found it on level 8 of the Dungeon)

   It has been specially enchanted to burn those struck by it, causing extra
   injury to most foes and up to half again as much damage against particularly
   susceptible opponents.
   It greatly protects you from fire.
 B - a +10 vorpal broad axe
 C - the +9 mace of Daolis {freeze, +Blink rPois Dex+5}
   (You found it on level 4 of the Dungeon)

   It has been specially enchanted to freeze those struck by it, causing extra
   injury to most foes and up to half again as much damage against particularly
   susceptible opponents.
   It can also slow down cold-blooded creatures.
   It affects your dexterity (+5).
   It protects you from poison.
   It lets you blink.
 D - the +2 dagger of the Thing {holy, Int+4}
   (You found it on level 9 of the Dungeon)

   It has been blessed by the Shining One to cause great damage to the undead
   and demons.
   It affects your intelligence (+4).
Armour
 z - a +0 plate armour (worn)
Jewellery
 e - a ring of protection from fire (left hand)
 g - an amulet of regeneration (around neck)
 F - a +6 ring of intelligence (right hand)
Wands
 m - a wand of paralysis (6)
 p - a wand of polymorph (10)
 s - a wand of acid (7)
Scrolls
 a - a scroll of blinking {unknown}
 k - 3 scrolls of vulnerability
 l - 2 scrolls of magic mapping
 n - a scroll of brand weapon {unknown}
 r - 3 scrolls of identify
 t - a scroll of remove curse
 u - 3 scrolls of teleportation
 y - 3 scrolls of fog
Potions
 b - a potion of lignification {unknown}
 c - 7 potions of haste
 d - 2 potions of mutation {unknown}
 f - 8 potions of heal wounds
 i - a potion of invisibility {unknown}
 j - a potion of resistance {unknown}
 o - a potion of might {unknown}
 q - 3 potions of attraction
 v - 2 potions of flight {unknown}
 w - a potion of magic {unknown}
 x - 6 potions of curing {unknown}
 E - a potion of degeneration {unknown}


   Skills:
 + Level 10.2 Fighting
 * Level 13.5 Axes
 + Level 9.9 Armour
 + Level 9.1 Dodging


You had 10 spell levels left.
You didn't know any spells.
Your spell library was empty.

Dungeon Overview and Level Annotations

Branches:
Dungeon (10/15)            Temple (0/1) D:4            Lair (0/6) D:9
    Orc: D:9-12

Altars:
Ashenzari
Cheibriados
Dithmenos
Elyvilon
Fedhas
Hepliaklqana
Makhleb
Okawaru
Trog
Uskayaw
Yredelemnul
Zin
The Shining One

Shops:
D:6 }

Annotations:
D:7 2 transporters, teolandon225's ghost, novice SpEn
D:10 Sonja


Innate Abilities, Weirdness & Mutations

You reflexively headbutt those who attack you in melee.
You have a pair of horns on your head.
[You are sometimes teleported next to monsters.]


Message History

You stumble backwards!
You take 46 damage, and have 14/150 hp.
MASSIVE DAMAGE!!
You hit the bone dragon. You burn the bone dragon.
The bone dragon is heavily damaged.
You are no longer berserk.
You are exhausted.
You feel yourself slow down.
The starcursed mass shrieks in your mind.
* * * LOW HITPOINT WARNING * * *
You now have 4/100 hp.
You feel much better.
The bone dragon bites you but does no damage.
The bone dragon claws you but does no damage.
The bone dragon tramples you but does no damage.
The bone dragon bites you!
* * * LOW HITPOINT WARNING * * *
The bone dragon claws you.
* * * LOW HITPOINT WARNING * * *
The bone dragon tramples you!
You die...

# .. ...# #.###
# . .#.####
....# .##
#........##. .
##... ..
......... .
....#.# .##.
........ . #
..#...#..#......
. #
##X.#........ .
#..#...#.......#
##.#.
.##...@.#......
.. #
#...D........
#......###.#.
#........#
##.......#
.#..######
###..# ###. #.


You could see a bone dragon and a starcursed mass.

Vanquished Creatures
  A thrashing horror (Abyss:1)
  A wretched star (Abyss:1)
  Maggie (D:9)
  A komodo dragon (D:9)
  A troll (D:10)
  7 starcursed masses (Abyss:1)
  3 wyverns (D:9)
  9 yaks (D:9)
  A chaos spawn (Abyss:1)
  A steam dragon (D:9)
  2 basilisks (D:9)
  The ghost of thiole the Sneak, an amateur OpWz (D:4)
  2 sky beasts (D:8)
  An orc warrior (D:8)
  2 phantoms
  An ice beast (D:8)
  A black bear (D:9)
  2 necrophages (D:8)
  5 ogres
  An eye of draining (D:9)
  4 bullfrogs
  A big kobold (D:10)
  A gnoll sergeant (D:9)
  3 small abominations (Abyss:1)
  A wyvern zombie (D:6)
  A wyvern skeleton (D:7)
  9 killer bees
  A scorpion (D:7)
  13 wights
  6 howler monkeys
  A quasit (D:7)
  A centaur zombie (D:7)
  4 hounds
  5 orc priests
  2 bullfrog zombies
  A centaur skeleton (D:4)
  2 jellies
  6 bullfrog skeletons
  An iron imp (Abyss:1)
  3 iguanas
  11 orc wizards
  8 worker ants
  3 hound skeletons
  2 hound zombies
  A howler monkey zombie (D:8)
  12 gnolls
  17 adders
  4 shadow imps
  3 white imps
  A worker ant simulacrum (D:9)
  2 ufetubi
  An ooze (D:1)
  An adder skeleton (D:4)
  4 worms
  2 dart slugs (D:1)
  4 leopard geckos
  19 orcs
  7 bats
  3 giant cockroaches
  7 goblins
  10 hobgoblins
  8 jackals
  10 kobolds
  4 quokkas
  2 ball pythons
  A ball python skeleton (D:4)
  5 frilled lizards
  A jackal skeleton (D:4)
  8 rats
271 creatures vanquished.

Vanquished Creatures (others)
  5 fungi (D:4)
  4 plants (D:4)
9 creatures vanquished.

Grand Total: 280 creatures vanquished

Notes
Turn   | Place    | Note
-------+----------+-------------------------------------------
     0 | D:1      | kaeus the Minotaur Berserker began the quest for the Orb.
     0 | D:1      | Reached XP level 1. HP: 19/19 MP: 0/0
   261 | D:1      | Reached XP level 2. HP: 25/27 MP: 1/1
   288 | D:1      | Reached skill level 4 in Axes
   788 | D:1      | You fall into a shaft and drop 1 floor!
   863 | D:2      | Reached XP level 3. HP: 24/33 MP: 2/2
  1154 | D:2      | Found a snail-covered altar of Cheibriados.
  1259 | D:2      | Reached ** piety under Trog
  1261 | D:2      | Reached XP level 4. HP: 30/40 MP: 3/3
  1398 | D:2      | Reached skill level 5 in Axes
  2038 | D:3      | Reached XP level 5. HP: 44/47 MP: 4/4
  2782 | D:3      | Reached *** piety under Trog
  3216 | D:4      | Reached XP level 6. HP: 26/55 MP: 5/5
  3251 | D:4      | Reached skill level 6 in Axes
  3370 | D:4      | Noticed thiole's ghost (amateur OpWz)
  3371 | D:4      | Found a runed translucent door.
  3407 | D:4      | Found a staircase to the Ecumenical Temple.
  3447 | D:4      | Reached skill level 5 in Fighting
  3463 | D:4      | Found a blossoming altar of Fedhas.
  3494 | D:4      | Found an iron altar of Okawaru.
  3936 | D:4      | Killed thiole's ghost
  3937 | D:4      | Reached XP level 7. HP: 61/61 MP: 6/6
  4025 | D:4      | Got a smoking mace
  4026 | D:4      | Identified the +9 mace of Daolis {freeze, +Blink rPois
                  | Dex+5} (You found it on level 4 of the Dungeon)
  4051 | D:5      | Entered Level 5 of the Dungeon
  4068 | D:5      | Reached skill level 7 in Axes
  4185 | D:5      | Reached skill level 5 in Armour
  4295 | D:5      | Found a hide-covered altar of Uskayaw.
  4401 | D:5      | Found a burning altar of Makhleb.
  4401 | D:5      | Found a glowing golden altar of the Shining One.
  4985 | D:6      | Found a broken altar of Ashenzari.
  5025 | D:6      | Got a glimmering hand axe
  5026 | D:6      | Identified the +12 hand axe "Doif" {flame, +Blink Will+
                  | Str+2 SInv} (You found it on level 6 of the Dungeon)
  5130 | D:6      | Reached skill level 5 in Dodging
  5130 | D:6      | Reached XP level 8. HP: 70/70 MP: 7/7
  5168 | D:6      | Reached skill level 8 in Axes
  5208 | D:6      | Found Afosm's Gadget Shoppe.
  5553 | D:7      | Found a basalt altar of Yredelemnul.
  5556 | D:7      | Reached **** piety under Trog
  5561 | D:7      | Reached skill level 9 in Axes
  5717 | D:7      | You fall into a shaft and drop 1 floor!
  5717 | D:8      | Found a hazy altar of Hepliaklqana.
  5720 | D:8      | Found a shadowy altar of Dithmenos.
  5734 | D:8      | Reached XP level 9. HP: 79/79 MP: 8/8
  5819 | D:8      | Reached skill level 10 in Axes
  5888 | D:8      | Found the +7 great mace "Firestarter" {inner flame, rF++}
  5941 | D:8      | Found a glowing golden altar of the Shining One.
  6064 | D:8      | Reached ***** piety under Trog
  6441 | D:7      | Received a gift from Trog
  6472 | D:7      | Found a glowing silver altar of Zin.
  6502 | D:7      | Found a transporter.
  6523 | D:7      | Noticed a troll
  6524 | D:7      | Noticed teolandon225's ghost (novice SpEn)
  6525 | D:7      | Noticed a moth of wrath
  6526 | D:7      | Found a transporter.
  6527 | D:7      | Found a bloodstained altar of Trog.
  6533 | D:7      | Reached skill level 11 in Axes
  6917 | D:9      | Reached XP level 10. HP: 90/90 MP: 9/9
  6989 | D:9      | Got a warped dagger
  6990 | D:9      | Identified the cursed +2 dagger of the Thing {holy, Int+4}
                  | (You found it on level 9 of the Dungeon)
  7073 | D:9      | Noticed Maggie
  7079 | D:9      | Killed Maggie
  7108 | D:9      | Found a white marble altar of Elyvilon.
  7324 | D:9      | Reached skill level 12 in Axes
  7593 | D:9      | Found a staircase to the Lair.
  7951 | D:10     | Entered Level 10 of the Dungeon
  8016 | D:10     | Reached XP level 11. HP: 97/99 MP: 10/10
  8124 | D:10     | Received a gift from Trog
  8293 | D:10     | Noticed Sonja
  8319 | D:10     | Cast into level 1 of the Abyss (Sonja)
  8340 | Abyss:1  | Found a corrupted altar of Lugonu.
  8429 | Abyss:1  | Noticed a starcursed mass
  8442 | Abyss:1  | Killed a starcursed mass
  8443 | Abyss:1  | Reached skill level 13 in Axes
  8443 | Abyss:1  | Killed a starcursed mass
  8444 | Abyss:1  | Killed a starcursed mass
  8445 | Abyss:1  | Killed a starcursed mass
  8461 | Abyss:1  | Noticed a wretched star
  8468 | Abyss:1  | Killed a wretched star
  8469 | Abyss:1  | Reached skill level 10 in Fighting
  8483 | Abyss:1  | Noticed a starcursed mass
  8515 | Abyss:1  | Noticed a thrashing horror
  8519 | Abyss:1  | Noticed a bone dragon
  8523 | Abyss:1  | Killed a thrashing horror
  8530 | Abyss:1  | Killed a starcursed mass
  8544 | Abyss:1  | HP: 4/100 [starcursed mass/accursed screaming (5)]
  8545 | Abyss:1  | Slain by a bone dragon

Illustrated notes

Levels and vault maps discovered:
D:1:      lightli_arrival_boilingwater, layout_basic
D:2:      layout_loops_corners, cheibriados_altar_1
D:3:      layout_loops_ring, serial_aquarium, aquarium_bridge_island_small
          [aquarium_subvault_small_water, aquarium_subvault_bridge,
          aquarium_subvault_bridge, aquarium_subvault_window,
          aquarium_subvault_bridge], aquarium_window_3, aquarium_window_2,
          aquarium_view_2b, grunt_ministairs_14, minmay_misc_feat_pillars,
          hangedman_decor_diamond_cutter, dk_noncrumbling_3
D:4:      layout_loops_ring, okawaru_gym_becter, fedhas_altar_3,
          minmay_temple_entry_glass, hellmonk_ghost_happy_afterlife
D:5:      kennysheep_six_static_rooms, layout_basic, kennysheep_mini_moat,
          gammafunk_temple_overflow_elements, dk_vineyard_1
D:6:      layout_basic, ashenzari_altar_1, serial_shops, shop
D:7:      layout_rooms, zin_treasury, lemuel_doored_altar,
          gammafunk_ghost_wrathful_warriors, eino_tiny_chamber
D:8:      layout_cave_pools, lemuel_crystal_altar, lemuel_crystal_altar,
          nicolae_tso_carved_into_rock
D:9:      layout_roguey, elyvilon_altar_1, erik_lair_dragon,
          kennysheep_generic_room_6, uniq_maggie
D:10:     layout_roguey, david_orc_5, uniq_sonja
Abyss:1:  base:
D:8

Skill      XL: |  1  2  3  4  5  6  7  8  9 10 11 |
---------------+----------------------------------+-----
Axes           | 4 5 6 7 9 11 12 13 | 13.5
Fighting       | 4 5 6 7 8 9 10 | 10.2
Armour         | 3 4 5 6 8 9 |  9.9
Dodging        | 3 4 5 6 7 8 9 |  9.1

Action                   |  1- 3 |  4- 6 |  7- 9 | 10-12 || total
-------------------------+-------+-------+-------+-------++-------
Melee: Hand axe          |    60 |   137 |   185 |   154 ||   536
       Headbutt          |    10 |    25 |    41 |    40 ||   116
       Mace              |       |       |    35 |       ||    35
Invok: Berserk           |       |     2 |     2 |     3 ||     7
  Use: Scroll            |       |       |    11 |     1 ||    12
       Potion            |       |       |       |     1 ||     1
Armor: Animal skin       |    10 |       |       |       ||    10
       Ring mail         |     7 |    38 |     6 |       ||    51
       Plate armour      |       |       |    79 |    52 ||   131
Dodge: Dodged            |    47 |    79 |   103 |    50 ||   279
